 Dungeon Crawl Stone Soup version 0.31-a0-441-g867994ef1c (webtiles) character file.

Game seed: 13629971208988046743

280 Newt the Poker (level 6, -6/51 HPs)
             Began as a Merfolk Gladiator on Aug 2, 2023.
             Mangled by an ogre
             ... wielding a +0 giant club
              (23 damage)
             ... on level 5 of the Dungeon.
             The game lasted 00:02:41 (3501 turns).

Newt the Poker (Merfolk Gladiator)                  Turns: 3501, Time: 00:02:42

Health: -6/51      AC:  4    Str: 17    XL:     6   Next: 27%
Magic:  6/6        EV: 11    Int:  7    God:
Gold:   262        SH:  7    Dex: 15    Spells: 5/5 levels left

rFire   + . .        a - +2 trident
rCold   . . .        f - +0 kite shield
rNeg    . . .        r - +0 leather armour {rF+}
rPois   .            c - +0 helmet
rElec   .            (no cloak)
rCorr   .            (no gloves)
SInv    .            (no boots)
Will    .....        (no amulet)
Stlth   +            (no ring)
HPRegen 0.28/turn    (no ring)
MPRegen 0.10/turn

%: no passive effects
@: marked
A: (nimble swimmer 2), mertail
a: no special abilities


You were on level 5 of the Dungeon.
You visited 1 branch of the dungeon, and saw 5 of its levels.

You collected 262 gold pieces.

Inventory:

Hand Weapons
 a - a +2 trident (weapon)
Missiles
 d - 3 throwing nets (quivered)
 e - a javelin
Armour
 b - a +0 leather armour
 c - a +0 helmet (worn)
 f - a +0 kite shield (worn)
 r - a +0 leather armour of fire resistance (worn)
Wands
 l - a wand of roots (12)
 m - a wand of flame (16)
Scrolls
 p - a scroll of identify
Potions
 h - a potion of curing
 i - a potion of ambrosia {unknown}
 j - a potion of haste {unknown}
 k - a potion of resistance {unknown}
 n - a potion of degeneration {unknown}
 o - 2 potions of enlightenment {unknown}


   Skills:
 - Level 5.0 Fighting
 + Level 7.2 Polearms
 - Level 2.0 Throwing
 - Level 4.0 Dodging


You had 5 spell levels left.
You didn't know any spells.
Your spell library contained the following spells:

 Spells                   Type           Power      Damage    Failure   Level
 Frozen Ramparts          Ice            0%         1d1       99%         3
 Volatile Blastmotes      Fire/Tloc      0%         2d10      99%         3
 Fulminant Prism          Conj/Hex       0%         3d5       100%        4
 Iskenderun's Mystic Bla  Conj/Tloc      0%         2d3       100%        4
 Petrify                  Tmut/Erth      0%         N/A       100%        4
 Metabolic Englaciation   Hex/Ice        0%         N/A       100%        5


Dungeon Overview and Level Annotations

Branches:
Dungeon (5/15)
 Temple: D:4-7

Altars:
Qazlal
Sif Muna


Innate Abilities, Weirdness & Mutations

((You are very nimble when in or above water. (Stealth+, EV+, Speed+++)))
Your lower body shifts to a powerful aquatic tail in water.


Message History

Beogh smites you!
Reach: a) +2 trident
Press: ? - help, Dir - move target, f - orc priest
Aim: an orc priest, wielding a +0 dagger (about 35% to evade your +2 trident)
You reach to attack!
You barely miss the orc priest.
The orc priest miscasts a cantrip.
Unknown command.
Reach: a) +2 trident
Press: ? - help, Dir - move target, f/p - orc priest
Aim: an orc priest, wielding a +0 dagger (about 35% to evade your +2 trident)
You reach to attack!
You closely miss the orc priest.
Unknown command.
Reach: a) +2 trident
Press: ? - help, Dir - move target, f/p - orc priest
Aim: an orc priest, wielding a +0 dagger (about 35% to evade your +2 trident)
You hit the orc priest.
The orc priest is heavily wounded.
The orc priest hits you with a +0 dagger.
Unknown command.
You barely miss the orc priest.
The orc priest is heavily wounded.
The orc priest hits you with a +0 dagger.
The orc priest invokes the aid of Beogh against you.
Pain shoots through your body!
* * * LOW HITPOINT WARNING * * *
Unknown command.
You feel much better.
Your hearing returns.
The orc priest barely misses you.
You puncture the orc priest!
You kill the orc priest!
Your Polearms skill increases to level 7!
You hit the ogre but do no damage. The ogre hits you with a +0 giant club!
You puncture the ogre!
The ogre is heavily wounded.
The ogre barely misses you.
You barely miss the ogre.
The ogre is heavily wounded.
The ogre hits you with a +0 giant club!!
You die...

.#######.##.##...#
...........>.....#
....####.##.##...# #
#......#.....#
#.#.##.>.......#
#...........o..######.
#...##.##.##o#...o....
###.#
##.##.##O#########
....###.....##@#
.......).#####.#
#..####.## #.# #..#
#)# #.# #..# #.# #.#
#..# #.# #.#
#(.####.#### #.#
##.......)..###.#
#...#####.#.....###


You could see an ogre and 2 orcs.

Vanquished Creatures
  A hound (D:4)
  An orc priest (D:5)
  2 iguanas (D:5)
  An orc wizard (D:3)
  5 adders
  2 worms (D:2)
  16 orcs
  5 ball pythons
  4 bats
  3 endoplasms
  3 giant cockroaches
  6 goblins
  7 hobgoblins
  2 jackals (D:2)
  A quokka (D:1)
  A frilled lizard (D:2)
  13 kobolds
  6 rats
79 creatures vanquished.

Notes
Turn   | Place    | Note
-------+----------+-------------------------------------------
     0 | D:1      | Newt the Merfolk Gladiator began the quest for the Orb.
     0 | D:1      | Reached XP level 1. HP: 16/16 MP: 1/1
   265 | D:1      | Reached XP level 2. HP: 24/24 MP: 2/2
   769 | D:1      | Reached XP level 3. HP: 30/30 MP: 3/3
  1329 | D:2      | Reached XP level 4. HP: 15/38 MP: 4/4
  1875 | D:3      | Found a stormy altar of Qazlal.
  1884 | D:3      | Reached skill level 5 in Fighting
  2093 | D:3      | Reached XP level 5. HP: 43/44 MP: 5/5
  2122 | D:3      | Reached skill level 5 in Polearms
  2295 | D:3      | Found a shimmering blue altar of Sif Muna.
  3106 | D:4      | Reached skill level 6 in Polearms
  3134 | D:5      | Entered Level 5 of the Dungeon
  3361 | D:5      | Reached XP level 6. HP: 30/51 MP: 6/6
  3499 | D:5      | Reached skill level 7 in Polearms
  3501 | D:5      | Mangled by an ogre

Illustrated notes

Levels and vault maps discovered:
D:1:      sevenhm_arrival_forest_fort_small_1, layout_basic,
          lexackson_kobold_supper
D:2:      layout_rooms
D:3:      layout_rooms, overflow_temple_1_default, kennysheep_orc_sif_temple,
          minivault_23
D:4:      layout_layer_cave, kennysheep_minor_cross
D:5:      layout_loops_ring, amcnicky_altar_gilded, nzn_wu_jian_contemplation,
          uniq_ijyb

Skill      XL: |  1  2  3  4  5  6 |
---------------+-------------------+-----
Fighting       | 3 4 5 |  5.0
Polearms       | 6 7 |  7.2
Throwing       | |  2.0
Dodging        | |  4.0

Action                     |  1- 3 |  4- 6 || total
---------------------------+-------+-------++-------
  Melee: Trident           |   101 |   165 ||   266
    Use: Scroll            |     4 |     7 ||    11
         Potion            |       |     1 ||     1
   Stab: Sleeping          |     1 |     1 ||     2
 Armour: Leather armour    |    21 |    29 ||    50
  Dodge: Dodged            |    34 |    72 ||   106
  Block: Kite shield       |    22 |    59 ||    81

Table legend: (Time is in decaauts)
 A = Elapsed time spent in this place.
 B = Non-inter-level travel time spent in this place.
 C = Inter-level travel time spent in this place.
 D = Time resting spent in this place.
 E = Time spent auto-exploring this place.
 F = Levels seen in this place.
 G = Mean time per level.
                   A        B        C        D        E       F      G
               +--------+--------+--------+--------+--------+-----+--------+
         Total |   3558 |   3487 |     71 |    596 |   2292 |   5 |  711.6 |
       Dungeon |   3558 |   3487 |     71 |    596 |   2292 |   5 |  711.6 |
               +--------+--------+--------+--------+--------+-----+--------+

Top non-repeatable levels by time:
     D:1: 1094 daAuts
     D:2: 792 daAuts
     D:3: 747 daAuts
     D:4: 551 daAuts
     D:5: 373 daAuts
